 Seeded DCSS version 0.29.1-15-g9cfb28693d (webtiles) character file.

Game seed: 5297477676520237703 (custom seed)

2639 GigaChad the Cleaver (level 9, -4/69 (75) HPs)
             Began as a Minotaur Gladiator on Mar 17, 2023.
             Was an Initiate of Gozag.
             Slain by a wight
             ... wielding a +4 halberd
              (9 damage)
             ... on level 7 of the Dungeon.
             The game lasted 00:10:42 (6588 turns).

GigaChad the Cleaver (Minotaur Gladiator)           Turns: 6588, Time: 00:10:43

HP:   -4/69 (75)    AC: 11    Str: 30    XL:     9   Next: 35%
MP:   9/10          EV: 10    Int:  5    God:    Gozag
Gold: 400           SH:  0    Dex: 17    Spells: 10/10 levels left

rFire   . . .      SeeInvis .   r - +1 executioner's axe (vorpal)
rCold   . . .      Faith    +   (shield currently unavailable)
rNeg    + . .      Spirit   .   i - +1 plate armour
rPois   .          Reflect  .   c - +0 hat
rElec   +          Harm     .   u - +0 cloak
rCorr   .          Rampage  .   (no gloves)
Will    .....                   (no boots)
Stlth   ..........              y - amulet "Zuippyddy" {Faith *Corrode rElec rN+}
HPRegen 0.21/turn               l - +6 ring of strength
MPRegen 0.12/turn               x - +6 ring of dexterity

@: corroded, gold aura, drained
A: horns 2, retaliatory headbutt
a: Renounce Religion, Potion Petition, Call Merchant, Bribe Branch


You were on level 7 of the Dungeon.
You worshipped Gozag.
Gozag was aware of your devotion.
You visited 2 branches of the dungeon, and saw 8 of its levels.

You collected 463 gold pieces.
You paid 63 gold pieces to Gozag.

Inventory:

Hand Weapons
 a - a +0 war axe
 p - a +2 war axe of draining
 r - a +1 vorpal executioner's axe (weapon)
Missiles
 d - 3 throwing nets (quivered)
 e - 5 javelins
Armour
 b - a +0 leather armour
 c - a +0 hat (worn)
 i - a +1 plate armour (worn)
 m - a +2 chain mail of cold resistance
 u - a +0 cloak (worn)
Jewellery
 l - a +6 ring of strength (left hand)
 o - a ring of flight
 x - a +6 ring of dexterity (right hand)
 y - the amulet "Zuippyddy" (around neck) {Faith *Corrode rElec rN+}
   (You acquired it on level 5 of the Dungeon)

   [amulet of faith]

   It allows you to gain divine favour quickly.
   rElec:     It insulates you from electricity.
   rN:        It protects you from negative energy.
   *Corrode:  It may corrode you when you take damage.
 z - the ring "Ruih" {rF+ Str+6 SInv}
   (You found it on level 5 of the Dungeon)

   [ring of strength]

   Str:       It affects your strength (+6).
   rF:        It protects you from fire.
   SInv:      It lets you see invisible.
 B - an amulet of guardian spirit
Scrolls
 f - 3 scrolls of immolation
 g - a scroll of fear
 h - a scroll of summoning {unknown}
 n - 3 scrolls of teleportation
 q - a scroll of amnesia
 w - 3 scrolls of identify
 A - a scroll of brand weapon {unknown}
Potions
 j - 3 potions of resistance {unknown}
 k - 3 potions of magic {unknown}
 s - 2 potions of attraction {unknown}
 t - 2 potions of brilliance {unknown}
 v - 3 potions of flight {unknown}
 C - a potion of heal wounds {unknown}


   Skills:
 * Level 6.0 Fighting
 + Level 10.8 Axes
 - Level 2.0 Throwing
 + Level 7.5 Armour
 * Level 5.2 Dodging
 * Level 2.1 Stealth
 * Level 1.3 Spellcasting


You had 10 spell levels left.
You didn't know any spells.
Your spell library was empty.

Dungeon Overview and Level Annotations

Branches:
Dungeon (7/15)             Temple (1/1) D:5

Altars:
Ashenzari
Cheibriados
Dithmenos
Elyvilon
Fedhas
Gozag
Hepliaklqana
Kikubaaqudgha
Makhleb
Nemelex Xobeh
Okawaru
Ru
Sif Muna
Trog
Uskayaw
Wu Jian
Xom
Yredelemnul
The Shining One

Shops:
D:6 :

Portals:
Abyss: D:3

Annotations:
D:3 2 transporters, AverageBear's ghost, weakling OpFi
D:7 3 runed translucent doors, Beryl's ghost, novice TrBe; GigaChad's ghost, novice MiFi; turnipcat1's ghost, novice MfAr


Innate Abilities, Weirdness & Mutations

You have a pair of horns on your head.
You reflexively headbutt those who attack you in melee.


Message History

You closely miss the wight. The wight barely misses you.
The wight hits you from afar with a +5 halberd.
You partially resist.
You feel drained. The wight closely misses you.
Your Fighting skill increases to level 6!
Unknown command.
You are too injured to fight recklessly!
Unknown command.
You are too injured to fight recklessly!
Unknown command.
You are too injured to fight recklessly!
Unknown command.
You slash the wight!
You headbutt the wight, but do no damage.
The wight is severely damaged.
The wight closely misses you. x2
The wight hits you from afar with a +4 halberd!
The wight barely misses you.
The wight is distracted by your dazzling golden aura.
The wight hits you from afar with a +5 halberd.
* * * LOW HITPOINT WARNING * * *
You partially resist.
You feel drained.
You barely miss the wight.
The wight is no longer distracted by gold.
You headbutt the wight.
The wight is almost destroyed.
The wight hits you but does no damage.
The wight hits you from afar with a +5 halberd!
* * * LOW HITPOINT WARNING * * *
You partially resist.
You feel drained.
* * * LOW HITPOINT WARNING * * *
The wight hits you from afar with a +4 halberd.
* * * LOW HITPOINT WARNING * * *
You partially resist.
You feel drained.
You slice the wight!!
You destroy the wight!
The wight completely misses you. The wight closely misses you.
The wight is distracted by your dazzling golden aura.
The wight hits you from afar with a +4 halberd!
You die...
Your body crumbles into a pile of gold.

[P⌠P###.#..
#......##########....
#....................
#...........#........
###......#.............
#.$......#.#...........
....z.z.#.#...........
#$$.....#.#.........
#..@......#.........
#........##.........
####.....##.#......#
###..#.##.#.#.....
#.................
##.#...........##.#
#.[#.#..#....#.##.#
#.##.#.....<......#
#.##.#............#


You could see 2 wights.

Vanquished Creatures
  A gargoyle (D:5)
  Sigmund (D:5)
  Eustachio (D:6)
  A steam dragon (D:6)
  A water moccasin (D:7)
  Duvessa (D:5)
  4 ogres
  A centaur (D:6)
  4 phantoms
  4 scorpions
  2 bullfrogs
  2 wights (D:7)
  Dowan (D:5)
  3 orc priests
  4 hounds
  A jelly (D:6)
  3 iguanas
  Ijyb (D:3)
  2 orc wizards
  9 adders
  A white imp (D:7)
  2 ufetubi
  A worm (D:4)
  A dart slug (D:5)
  14 orcs
  4 endoplasms
  4 giant cockroaches
  7 hobgoblins
  3 jackals (D:4)
  2 quokkas
  4 ball pythons
  3 bats
  A frilled lizard (D:2)
  7 goblins
  4 kobolds
  2 rats
107 creatures vanquished.

Vanquished Creatures (others)
  3 withered plants (D:7)
3 creatures vanquished.

Grand Total: 110 creatures vanquished

Notes
Turn   | Place    | Note
-------+----------+-------------------------------------------
     0 | D:1      | GigaChad the Minotaur Gladiator began the quest for the
                  | Orb.
     0 | D:1      | Reached XP level 1. HP: 18/18 MP: 0/0
   403 | D:1      | You fall into a shaft and drop 1 floor!
   526 | D:2      | Reached XP level 2. HP: 22/25 MP: 1/1
   810 | D:2      | Reached skill level 4 in Axes
  1166 | D:3      | Reached XP level 3. HP: 30/30 MP: 2/2
  1326 | D:3      | Reached skill level 1 in Armour
  1430 | D:3      | Found a glowing golden altar of the Shining One.
  1510 | D:3      | Noticed Ijyb
  1526 | D:3      | Killed Ijyb
  1527 | D:3      | Reached XP level 4. HP: 31/37 MP: 3/3
  1588 | D:3      | Reached skill level 5 in Axes
  1658 | D:3      | Found a one-way gate to the infinite horrors of the Abyss.
  1658 | D:3      | Noticed AverageBear's ghost (weakling OpFi)
  1696 | D:3      | Noticed a kobold brigand
  1759 | D:3      | Found a transporter.
  1776 | D:3      | Found a transporter.
  2263 | D:4      | Noticed a scorpion
  2267 | D:4      | Killed a scorpion
  2268 | D:4      | Reached XP level 5. HP: 45/45 MP: 4/4
  2431 | D:4      | Reached skill level 6 in Axes
  2487 | D:4      | Found a blossoming altar of Fedhas.
  2761 | D:4      | Reached XP level 6. HP: 51/51 MP: 5/5
  2844 | D:5      | Entered Level 5 of the Dungeon
  3177 | D:5      | Identified 2 scrolls of acquirement
  3177 | D:5      | Acquired the amulet "Zuippyddy" {Faith *Corrode rElec rN+}
  3184 | D:5      | Acquired a +1 vorpal executioner's axe
  3229 | D:5      | Reached skill level 7 in Axes
  3234 | D:5      | Reached XP level 7. HP: 14/59 MP: 6/6
  3795 | D:5      | Found a shimmering blue altar of Sif Muna.
  3841 | D:5      | Reached skill level 8 in Axes
  3841 | D:5      | Reached skill level 5 in Armour
  3933 | D:5      | Found a staircase to the Ecumenical Temple.
  3943 | D:5      | Noticed Dowan
  3944 | D:5      | Noticed Duvessa
  3952 | D:5      | Killed Dowan
  3953 | D:5      | Noticed a gargoyle
  3956 | D:5      | Killed Duvessa
  3958 | D:5      | Killed a gargoyle
  3959 | D:5      | Reached skill level 5 in Fighting
  3959 | D:5      | Reached skill level 9 in Axes
  3959 | D:5      | Reached XP level 8. HP: 21/68 MP: 7/7
  4283 | Temple   | Entered the Ecumenical Temple
  4506 | Temple   | Became a worshipper of Gozag Ym Sagoz the Greedy
  4809 | D:5      | Found a shadowy altar of Dithmenos.
  4869 | D:5      | Identified the ring "Ruih" {rF+ Str+6 SInv}
  4941 | D:5      | Noticed Sigmund
  4948 | D:5      | Killed Sigmund
  5053 | D:6      | Reached skill level 10 in Axes
  5056 | D:6      | Reached skill level 1 in Stealth
  5197 | D:6      | Found a shimmering altar of Xom.
  5204 | D:6      | Found a shimmering altar of Xom.
  5472 | D:6      | Found Zoschist's Tremendous Tomes.
  5656 | D:6      | Reached XP level 9. HP: 74/74 MP: 9/9
  5697 | D:6      | Noticed Eustachio
  5717 | D:6      | Killed Eustachio
  5718 | D:6      | Reached skill level 1 in Spellcasting
  5771 | D:6      | Found a snail-covered altar of Cheibriados.
  6068 | D:7      | Reached skill level 5 in Dodging
  6446 | D:7      | Found a runed translucent gate.
  6452 | D:7      | Found a runed translucent gate.
  6453 | D:7      | Found a runed translucent gate.
  6454 | D:7      | Noticed Beryl's ghost (novice TrBe)
  6454 | D:7      | Noticed GigaChad's ghost (novice MiFi)
  6454 | D:7      | Noticed turnipcat1's ghost (novice MfAr)
  6588 | D:7      | Slain by a wight

Illustrated notes

Levels and vault maps discovered:
D:1:      eino_arrival_cavern_d, layout_loops_corners
D:2:      layout_basic, kennysheep_generic_room_4
D:3:      layout_loops_corners, tso_metal_star, gammafunk_ghost_abyssal_escape,
          uniq_ijyb
D:4:      layout_basic, marbit_many_paths, item_on_display_a
D:5:      layout_basic, nicolae_dithmenos_through_a_glass_darkly,
          old_standard_altar, minmay_temple_entry_mini_moons, uniq_duvessa,
          uniq_sigmund
D:6:      layout_cave_pods, mainiacjoe_overflow_alcove_1, xom_redecorated,
          nicolae_shop_i_like_big_books, nicolae_eternal_life, uniq_eustachio
D:7:      layout_rooms, gammafunk_ghost_cemetery
Temple:   nicolae_temple_bog_church

Skill      XL: |  1  2  3  4  5  6  7  8  9 |
---------------+----------------------------+-----
Axes           | 4 5 6 7 9 10 | 10.8
Armour         | 1 2 3 4 6 7 |  7.5
Fighting       | 3 4 5 6 |  6.0
Dodging        | 4 5 |  5.2
Stealth        | 1 2 |  2.1
Spellcasting   | 1 |  1.3
Throwing       | |  2.0

Action                   |  1- 3 |  4- 6 |  7- 9 || total
-------------------------+-------+-------+-------++-------
Melee: War axe           |    79 |    57 |       ||   136
       Headbutt          |    13 |    13 |    17 ||    43
       Punch             |       |     1 |       ||     1
       Executioner's axe |       |     9 |    84 ||    93
  Use: Scroll            |     2 |     7 |     1 ||    10
Armor: Plate armour      |    78 |    54 |    52 ||   184
       Leather armour    |     3 |       |       ||     3
Dodge: Dodged            |    46 |    30 |    57 ||   133
